 Dungeon Crawl Stone Soup version 0.23-a0-321-g6bcb69f (webtiles) character file.

43352 iamserjio the Earth Mage (level 13, -5/74 HPs)
             Began as a Deep Elf Earth Elementalist on Oct 15, 2018.
             Was a High Priest of Vehumet.
             Shot with a bolt by a yaktaur captain (45 damage)
             ... on level 1 of the Depths.
             The game lasted 00:58:40 (20923 turns).

iamserjio the Earth Mage (DEEE)                    Turns: 20923, Time: 00:58:41

Health: -5/74      AC:  8    Str:  5    XL:     13   Next: 90%
Magic:  34/42      EV: 20    Int: 29    God:    Vehumet [*****.]
Gold:   34         SH:  0    Dex: 15    Spells: 14/41 levels left

rFire    + + .     SeeInvis .   L - staff of earth
rCold    + . .     Gourm    .   (no shield)
rNeg     . . .     Faith    .   z - +0 robe of Nodes {rF+ Int+3}
rPois    .         Spirit   .   (no helmet)
rElec    .         Reflect  .   k - +2 cloak
rCorr    .         Harm     .   (no gloves)
MR       +....                  c - +2 pair of boots
Stlth    +++.......             F - amulet of magic regeneration
HPRegen  0.22/turn              Q - ring of magical power
MPRegen  0.53/turn              A - ring "Ehalinuy" {rF+ rC+ Stlth+}

@: starving
A: no striking features
a: Renounce Religion


You were on level 1 of the Depths.
You worshipped Vehumet.
Vehumet was extremely pleased with you.
You were starving.

You visited 3 branches of the dungeon, and saw 17 of its levels.

You collected 1703 gold pieces.
You spent 1669 gold pieces at shops.

Inventory:

Missiles
 f - 120 stones (quivered)
 n - 582 arrows
Armour
 c - a +2 pair of boots (worn)
 k - a +2 cloak (worn)
 w - a +0 troll leather armour
 y - a scarf of cloud immunity
 z - the +0 robe of Nodes (worn) {rF+ Int+3}
   (You found it on level 4 of the Dungeon)

   It affects your intelligence (+3).
   It protects you from fire.
 N - the +0 robe of Xom's Favour {rElec}
   (You bought it in a shop on level 15 of the Dungeon)

   It insulates you from electricity.
 S - +0 steam dragon scales
Magical Staves
 L - an uncursed staff of earth (weapon)
Jewellery
 h - an uncursed ring of poison resistance
 r - an uncursed ring of protection from magic
 A - the ring "Ehalinuy" (right hand) {rF+ rC+ Stlth+}
   (You bought it in a shop on level 8 of the Dungeon)

   [ring of stealth]

   It protects you from fire.
   It protects you from cold.
   It makes you more stealthy.
 E - an uncursed ring of wizardry
 F - an amulet of magic regeneration (around neck)
 O - an uncursed ring of protection from fire
 Q - a ring of magical power (left hand)
 V - an uncursed ring of see invisible
 Y - an uncursed ring of positive energy
Wands
 t - a wand of disintegration (13)
 D - a wand of iceblast (18)
Scrolls
 a - 7 scrolls of teleportation
 e - 4 scrolls of magic mapping
 g - a scroll of torment
 j - 9 scrolls of remove curse {@r2}
 l - 4 scrolls of amnesia
 p - 2 scrolls of enchant armour
 u - 3 scrolls of fog
 G - a scroll of fear
 M - 2 scrolls of vulnerability
 X - a scroll of blinking
 Z - a scroll of immolation
Potions
 i - 2 potions of resistance
 m - 2 potions of mutation
 q - a potion of agility
 s - 3 potions of might
 v - 2 potions of heal wounds
 x - 2 potions of haste
 B - 3 potions of magic
 H - 3 potions of curing {@q1}
 I - 2 potions of flight {unknown}
 J - 2 potions of lignification
 K - 2 potions of brilliance
 R - 2 potions of cancellation {unknown}
 W - 2 potions of berserk rage {unknown}
Miscellaneous
 b - a crystal ball of energy
 P - a fan of gales
 T - a lamp of fire (inert)
Comestibles
 d - 30 rations


   Skills:
 - Level 6.0 Fighting
 - Level 12.0 Dodging
 - Level 2.4 Stealth
 + Level 14.7 Spellcasting
 + Level 8.1 Conjurations
 - Level 1.6 Charms
 - Level 2.0 Translocations
 - Level 1.1 Transmutations
 * Level 15.2 Earth Magic
 - Level 7.9 Evocations


You had 14 spell levels left.
You knew the following spells:

 Your Spells              Type           Power        Failure   Level  Hunger
a - Sandblast             Erth           ######       0%          1    None
b - Stone Arrow           Conj/Erth      ######       1%          3    None
c - Lee's Rapid Deconstr  Erth           ########..   1%          5    None
d - Sticks to Snakes      Tmut           ####....     2%          2    None
e - Passwall              Tmut/Erth      #######.     1%          2    None
f - Blink                 Tloc           N/A          1%          2    None
g - Shroud of Golubria    Chrm/Tloc      ####......   1%          2    None
h - Passage of Golubria   Tloc           N/A          10%         4    None
i - Iron Shot             Conj/Erth      #######...   1%          6    ####...

Your spell library contained the following spells:

 Spells                   Type           Power        Failure   Level  Hunger
 Beastly Appendage        Tmut           ####..       1%          1    None
 Freeze                   Ice            ###.         1%          1    None
 Petrify                  Tmut/Erth      #######.     1%          4    None
 Confusing Touch          Hex            ###...       2%          1    None
 Summon Small Mammal      Summ           ###.         2%          1    None
 Call Imp                 Summ           ###.....     3%          2    None
 Ensorcelled Hibernation  Hex/Ice        ###...       3%          2    None
 Poisonous Vapours        Pois/Air       ###...       3%          2    None
 Gell's Gravitas          Tloc           ####......   3%          3    None
 Lesser Beckoning         Tloc           ####......   3%          3    None
 Teleport Other           Tloc           ####....     3%          3    None
 Venom Bolt               Conj/Pois      #####.....   3%          5    None
 Spider Form              Tmut/Pois      ###.......   5%          3    None
 Olgreb's Toxic Radiance  Pois           ###.....     6%          4    None
 Call Canine Familiar     Summ           ###.....     7%          3    None
 Confuse                  Hex            ###.....     7%          3    None
 Summon Guardian Golem    Hex/Summ       ###.....     7%          3    None
 Yara's Violent Unravell  Hex/Tmut       ###.......   13%         5    None
 Ice Form                 Ice/Tmut       ###.....     19%         4    None
 Summon Ice Beast         Ice/Summ       ###.....     22%         4    None
 Summon Lightning Spire   Summ/Air       ###.....     22%         4    None
 Blade Hands              Tmut           ####......   38%         5    None
 Metabolic Englaciation   Hex/Ice        ###.......   54%         5    None
 Ozocubu's Refrigeration  Ice            ###.......   63%         6    ####...
 Malign Gateway           Summ/Tloc      ####......   100%        7    #####..
 Monstrous Menagerie      Summ           ###.......   100%        7    #####..
 Summon Greater Demon     Summ           ###.......   100%        7    #####..
 Summon Horrible Things   Summ           ###.......   100%        8    #######


Dungeon Overview and Level Annotations

Branches:
Dungeon (15/15)            Temple (1/1) D:4            Lair (0/6) D:8
    Orc (0/2) D:12         Vaults (0/5) D:14         Depths (1/5) D:15

Altars:
Ashenzari
Cheibriados
Dithmenos
Elyvilon
Fedhas
Gozag
Hepliaklqana
Makhleb
Nemelex Xobeh
Okawaru
Qazlal
Ru
Sif Muna
Trog
Uskayaw
Vehumet
Wu Jian
Xom
Yredelemnul
Zin
The Shining One
Lugonu

Shops:
D:8 =   D:14 :!(   D:15 =[[!=


Message History

Casting: Lee's Rapid Deconstruction (safe; 1% risk of failure)
Aiming: Lee's Rapid Deconstruction (safe; 1% risk of failure)
A rock wall.
You feel a surge of power!
The wall shatters!
The blast of rock fragments hits the wizard.
You kill the wizard!
Vehumet accepts your kill.
You feel your power returning.
You start resting.
You are starving!
n - 582 arrows (gained 1)
A yaktaur captain comes into view.
The yaktaur captain shouts!
The yaktaur captain wields a +0 arbalest.
The yaktaur captain shoots a bolt.
The bolt hits you!!
You see here a bolt.
A frost giant comes into view.
It is wielding a +2 battleaxe of freezing.
The yaktaur captain shoots a bolt.
The bolt hits you!!!
Ouch! That really hurt!
You die...

#######
##########.....c.
#<...@.))(.C.....
##########.c...c.
....... #.#####
.# .# N .


You could see a frost giant and a yaktaur captain.

Vanquished Creatures
  A dire elephant (D:15)
  Snorg (D:14)
  2 vault guards (D:14)
  2 hydras
  A death knight (D:15)
  A two-headed ogre (D:14)
  A catoblepas (D:13)
  A centaur warrior (D:15)
  2 tengu warriors
  The ghost of Ratty the Fighter, a novice MiBe of Trog (D:8)
  Sonja (D:12)
  Nergalle (D:12)
  2 wizards
  An unseen horror (D:14)
  2 phantasmal warriors (D:15)
  Pikel (D:8)
  2 deep elf magi (D:14)
  A necromancer (D:14)
  A wolf spider (D:15)
  5 cyclopes
  3 ugly things (D:8)
  2 manticores
  A salamander (Depths:1)
  A gargoyle (D:15)
  A freezing wraith (D:15)
  7 yaktaurs
  A troll (shapeshifter) (D:14)
  A queen bee (D:15)
  3 trolls
  Grinder (D:5)
  3 meliai (D:15)
  A polar bear (D:8)
  5 hornets
  5 slime creatures
  A hippogriff (D:12)
  Sigmund (D:5)
  A vampire (D:15)
  3 spriggans (D:8)
  2 wraiths (D:15)
  2 wyverns
  22 yaks
  Eustachio (D:5)
  20 humans (D:14)
  A steam dragon (D:11)
  A basilisk (D:15)
  2 hungry ghosts
  4 vampire mosquitoes (D:15)
  2 soldier ants (D:13)
  A water moccasin (D:11)
  A hornet zombie (D:12)
  A floating eye (shapeshifter) (D:8)
  3 ice beasts
  2 slaves (D:8)
  9 orc warriors
  4 black bears
  3 boggarts (D:14)
  A sky beast (D:5)
  A necrophage (D:7)
  4 phantoms
  5 ogres
  14 centaurs
  A crocodile (D:14)
  2 big kobolds
  6 bullfrogs
  A gnoll sergeant (D:7)
  3 scorpions
  A wyvern skeleton (D:12)
  5 small abominations (D:8)
  33 killer bees
  The ghost of Amnesiac the Digger, a weakling DDEE (D:4)
  4 electric eels
  8 wights
  A howler monkey (D:8)
  3 crimson imps
  3 centaur zombies
  2 jellies
  11 orc priests
  12 hounds
  A centaur skeleton (D:8)
  A gnoll shaman (D:7)
  A bullfrog skeleton (D:8)
  11 orc wizards
  5 iguanas
  10 worker ants
  A killer bee zombie (D:8)
  A hound zombie (D:6)
  2 hound skeletons
  8 gnolls (D:7)
  10 adders
  3 shadow imps
  2 oozes (D:2)
  An adder skeleton (D:4)
  3 worms
  5 leopard geckos
  50 orcs
  3 giant cockroaches
  6 goblins
  3 hobgoblins
  9 jackals
  16 kobolds
  5 quokkas
  4 bats
  4 frilled lizards
  12 rats
451 creatures vanquished.

Vanquished Creatures (others)
  2 slaves (D:8)
  A hound (D:8)
  2 orcs (D:8)
  A fungus (D:8)
  5 plants (D:8)
11 creatures vanquished.

Grand Total: 462 creatures vanquished

Notes
Turn   | Place    | Note
-------+----------+-------------------------------------------
     0 | D:1      | iamserjio the Deep Elf Earth Elementalist began the quest
                  | for the Orb.
     0 | D:1      | Reached XP level 1. HP: 10/10 MP: 6/6
   179 | D:1      | Reached XP level 2. HP: 15/15 MP: 4/8
   745 | D:2      | Reached skill level 4 in Earth Magic
   745 | D:2      | Reached XP level 3. HP: 18/19 MP: 5/10
  1016 | D:2      | Found a sacrificial altar of Ru.
  1592 | D:3      | Reached XP level 4. HP: 24/24 MP: 7/11
  1822 | D:3      | Learned a level 3 spell: Stone Arrow
  2455 | D:4      | Found a transporter.
  2487 | D:4      | Reached skill level 1 in Conjurations
  2487 | D:4      | Reached skill level 5 in Earth Magic
  2487 | D:4      | Reached XP level 5. HP: 20/28 MP: 1/13
  2704 | D:4      | Found a staircase to the Ecumenical Temple.
  2715 | Temple   | Entered the Ecumenical Temple
  2814 | Temple   | Became a worshipper of Vehumet
  2866 | D:4      | Found a transporter.
  2866 | D:4      | Noticed Amnesiac's ghost (weakling DDEE)
  2866 | D:4      | Noticed an ogre
  3053 | D:4      | Got an ichor-stained ring mail
  3118 | D:4      | Found a glowing golden altar of the Shining One.
  3368 | D:4      | Got a sheer robe
  3379 | D:4      | Identified the +0 ring mail of Guusk {MR+} (You found it on
                  | level 4 of the Dungeon)
  3394 | D:4      | Identified the +0 robe of Nodes {rF+ Int+3} (You found it
                  | on level 4 of the Dungeon)
  3400 | D:4      | Learned a level 5 spell: Lee's Rapid Deconstruction
  3417 | D:5      | Entered Level 5 of the Dungeon
  3649 | D:5      | Noticed Eustachio
  3652 | D:5      | Killed Eustachio
  3652 | D:5      | Reached XP level 6. HP: 32/32 MP: 13/15
  3658 | D:5      | Reached skill level 5 in Spellcasting
  3658 | D:5      | Reached skill level 6 in Earth Magic
  3978 | D:5      | Noticed Sigmund
  3985 | D:5      | Killed Sigmund
  3985 | D:5      | Reached XP level 7. HP: 36/36 MP: 15/17
  4244 | D:5      | Reached skill level 5 in Dodging
  4498 | D:5      | Reached skill level 7 in Earth Magic
  4673 | D:5      | Noticed Grinder
  4687 | D:5      | Killed Grinder
  4687 | D:5      | Reached XP level 8. HP: 41/41 MP: 4/19
  4950 | D:5      | Reached skill level 8 in Earth Magic
  5119 | D:5      | Reached * piety under Vehumet
  5119 | D:5      | Offered knowledge of Freeze by Vehumet.
  5743 | D:6      | Reached skill level 1 in Evocations
  5980 | D:7      | Learned a level 2 spell: Sticks to Snakes
  5983 | D:7      | Learned a level 2 spell: Passwall
  6331 | D:7      | Reached skill level 9 in Earth Magic
  6343 | D:7      | Reached skill level 1 in Fighting
  6343 | D:7      | Reached XP level 9. HP: 47/47 MP: 6/22
  7119 | D:8      | Noticed Pikel
  7123 | D:8      | Killed Pikel
  7142 | D:8      | Reached ** piety under Vehumet
  7271 | D:8      | Found Kubithoy's Jewellery Shop.
  7282 | D:8      | Offered knowledge of Sting by Vehumet.
  7545 | D:8      | Reached skill level 10 in Earth Magic
  7673 | D:8      | Found a runed door.
  7676 | D:8      | Noticed Ratty's ghost (novice MiBe)
  7676 | D:8      | Noticed a polar bear
  7779 | D:8      | Noticed a troll
  7786 | D:8      | Killed a troll
  7934 | D:8      | Found a stormy altar of Qazlal.
  7952 | D:8      | Reached XP level 10. HP: 54/54 MP: 6/25
  8155 | D:8      | Found a transporter.
  8156 | D:8      | Noticed a purple ugly thing
  8156 | D:8      | Noticed a green ugly thing
  8157 | D:8      | Found a corrupted altar of Lugonu.
  8362 | D:8      | Found a staircase to the Lair.
  8374 | D:8      | Found a transporter.
  8396 | D:8      | Offered knowledge of Ignite Poison by Vehumet.
  8396 | D:8      | Reached skill level 10 in Spellcasting
  8981 | D:9      | Reached *** piety under Vehumet
  9139 | D:9      | Found a sparkling altar of Nemelex Xobeh.
  9532 | D:9      | Offered knowledge of Inner Flame by Vehumet.
  9888 | D:10     | Entered Level 10 of the Dungeon
 10234 | D:10     | Reached skill level 5 in Evocations
 10234 | D:10     | Reached skill level 11 in Earth Magic
 10459 | D:11     | Noticed a six-headed hydra
 10462 | D:11     | Killed a six-headed hydra
 10635 | D:11     | Reached XP level 11. HP: 60/60 MP: 8/28
 10746 | D:11     | Reached **** piety under Vehumet
 10844 | D:11     | Noticed a tengu warrior
 10848 | D:11     | Killed a tengu warrior
 10848 | D:11     | Offered knowledge of Fireball by Vehumet.
 11623 | D:11     | Reached skill level 5 in Conjurations
 11903 | D:12     | Found a staircase to the Orcish Mines.
 11911 | D:12     | Noticed Snorg
 11953 | D:12     | Noticed Nergalle
 11958 | D:12     | Killed Nergalle
 12123 | D:12     | Reached skill level 12 in Earth Magic
 12367 | D:12     | Found a stormy altar of Qazlal.
 12693 | D:12     | Noticed Sonja
 12694 | D:12     | Killed Sonja
 12809 | D:12     | Reached ***** piety under Vehumet
 12815 | D:12     | Offered knowledge of Freezing Cloud by Vehumet.
 13546 | D:12     | Found a stormy altar of Qazlal.
 13696 | D:12     | Found a staircase to the Orcish Mines.
 14089 | D:12     | Learned a level 2 spell: Blink
 14092 | D:12     | Learned a level 2 spell: Shroud of Golubria
 14097 | D:12     | Learned a level 4 spell: Passage of Golubria
 14100 | D:13     | Noticed a six-headed hydra
 14378 | D:13     | Noticed a catoblepas
 14594 | D:13     | Killed a six-headed hydra
 14594 | D:13     | Reached skill level 1 in Charms
 14594 | D:13     | Reached skill level 1 in Translocations
 14594 | D:13     | Reached XP level 12. HP: 58/68 MP: 18/30
 14684 | D:13     | Killed a catoblepas
 14684 | D:13     | Reached skill level 5 in Fighting
 14906 | D:13     | Reached skill level 10 in Dodging
 15805 | D:13     | Reached skill level 13 in Earth Magic
 15819 | D:13     | Got a crude leather armour
 16152 | D:13     | Identified a scroll of acquirement
 16164 | D:13     | Identified the +1 leather armour "Wankaa" {rF+} (You found
                  | it on level 13 of the Dungeon)
 16236 | D:14     | Found Jecoatwudiw's Weapon Shop.
 16424 | D:14     | Found Icatipt's Distillery.
 16457 | D:14     | Noticed a two-headed ogre
 16464 | D:14     | Killed a two-headed ogre
 16471 | D:14     | Bought a potion of curing for 39 gold pieces
 16471 | D:14     | Bought a potion of heal wounds for 65 gold pieces
 16471 | D:14     | Bought a potion of lignification for 39 gold pieces
 16471 | D:14     | Bought a potion of magic for 104 gold pieces
 16471 | D:14     | Bought a potion of degeneration for 13 gold pieces
 16722 | D:14     | Noticed a vault guard
 16732 | D:14     | Killed a vault guard
 16742 | D:14     | Noticed a vault guard
 16750 | D:14     | Killed a vault guard
 16990 | D:14     | Killed Snorg
 16990 | D:14     | Reached skill level 14 in Earth Magic
 16990 | D:14     | Reached XP level 13. HP: 74/74 MP: 13/32
 17316 | D:14     | Found Laizazuit's Book Emporium.
 17491 | D:14     | Found a gate to the Vaults.
 17547 | D:15     | Entered Level 15 of the Dungeon
 17557 | D:15     | Found Foxidd Wijyu's Armour Boutique.
 17561 | D:15     | Found Fopeozxyss's Antique Armour Shop.
 17650 | D:15     | Found a shattered altar of Ashenzari.
 17798 | D:15     | Noticed a dire elephant
 17810 | D:15     | Killed a dire elephant
 18114 | D:15     | Offered knowledge of Iron Shot by Vehumet.
 18176 | D:15     | Found Osaistreacw's Jewellery Shop.
 18274 | D:15     | Found Diwnuhy's Jewellery Boutique.
 18292 | D:15     | Bought an uncursed amulet of magic regeneration for 300
                  | gold pieces
 18769 | D:15     | Found a staircase to the Depths.
 18786 | D:15     | Found Bots's Distillery.
 19433 | D:4      | Killed Amnesiac's ghost
 19707 | D:8      | Paralysed by a floating eye for 4 turns
 19710 | D:8      | HP: 1/74 [small abomination (19)]
 19720 | D:8      | Reached skill level 15 in Earth Magic
 19989 | D:8      | Identified the Almanac of the Vitriolic Frostbite
 20050 | D:8      | Bought the ring "Ehalinuy" {rF+ rC+ Stlth+} for 462 gold
                  | pieces
 20085 | D:8      | Learned a level 6 spell: Iron Shot
 20095 | D:8      | Killed Ratty's ghost
 20108 | D:8      | Got a brightly glowing spear
 20330 | D:15     | Bought an uncursed ring of see invisible for 150 gold
                  | pieces
 20330 | D:15     | Bought an uncursed ring of magical power for 200 gold
                  | pieces
 20331 | D:15     | Identified the +8 spear "Cewkeph" {pierce, Stlth+} (You
                  | took it off a spriggan on level 8 of the Dungeon)
 20379 | D:15     | Bought a +1 pair of boots for 161 gold pieces
 20393 | D:15     | Bought a faintly glowing robe for 136 gold pieces
 20403 | D:15     | Identified the cursed +0 robe of Xom's Favour {rElec} (You
                  | bought it in a shop on level 15 of the Dungeon)
 20485 | Depths:1 | Entered Level 1 of the Depths
 20922 | Depths:1 | Noticed a frost giant
 20923 | Depths:1 | Shot with a bolt by a yaktaur captain

Vault maps used:
D:1:      lightli_arrival_noodles, minmay_misc_feat_enclosed
D:2:      nicolae_ru_the_path_less_chosen
D:4:      minmay_temple_entry_metal_lava, gammafunk_ghost_arena, tso_altar
D:5:      serial_curves, eino_curves_01, eino_curves_04, first_ration,
          uniq_grinder, uniq_sigmund, uniq_eustachio
D:7:      nicolae_lava_and_water
D:8:      gammafunk_corrupted_shrine, erik_lair_island, basic_altar,
          ebering_ghost_funeral_grove, serial_shops, nicolae_shop_crystal,
          uniq_pikel
D:9:      nicolae_overflow_crystal_walls
D:12:     orc_david_3, basic_altar, uniq_nergalle, uniq_sonja, uniq_snorg
D:13:     hangedman_pestilent_swarm
D:14:     grunt_vaults_entry_tiered, serial_bayou_pond_a, serial_glass,
          glass_columns_c, glass_columns_c, minmay_strange_pillars,
          minmay_strange_pillars, serial_shops, kennysheep_mini, shop,
          nicolae_shop_behind_doors
D:15:     hangedman_depths_entry_try_elsewhere_first, serial_shops, shop, shop,
          shop_statue, shop, shop_fountains, hangedman_decor_push, special_room,
          ashenzari_altar_1
Temple:   regret_index_temple_sigil_plot
Depths:1: nicolae_benzene_ring, hell_entry, lemuel_another_geyser,
          uniq_saint_roka

Skill      XL: |  1  2  3  4  5  6  7  8  9 10 11 12 13 |
---------------+----------------------------------------+-----
Dodging        | 3 4 5 6 7 8 9 11 12 | 12.0
Earth Magic    | 4 5 6 7 9 10 11 12 14 15 | 15.2
Spellcasting   | 4 5 6 7 9 11 12 13 14 | 14.7
Conjurations   | 1 2 3 4 5 8 |  8.1
Evocations     | 2 4 5 6 7 |  7.9
Fighting       | 1 2 3 4 6 |  6.0
Charms         | 1 |  1.6
Translocations | 1 2 |  2.0
Stealth        | |  2.4
Transmutations | |  1.1

Action                   |  1- 3 |  4- 6 |  7- 9 | 10-12 | 13-15 || total
-------------------------+-------+-------+-------+-------+-------++-------
Melee: Dagger            |    27 |    45 |     8 |       |       ||    80
       Staff             |       |       |     3 |     8 |     1 ||    12
Throw: Stone             |       |       |       |       |     1 ||     1
 Cast: Sandblast         |    41 |    35 |    59 |   121 |    50 ||   306
       Stone Arrow       |       |    20 |    72 |   146 |    19 ||   257
       Lee's Rapid Decon |       |       |    15 |    97 |    77 ||   189
       Sticks to Snakes  |       |       |       |       |     1 ||     1
Evoke: Wand              |       |     9 |    21 |     9 |     2 ||    41
       Lamp of fire      |       |       |       |       |     2 ||     2
  Use: Scroll            |       |     8 |     4 |    11 |     7 ||    30
       Potion            |       |       |       |       |     2 ||     2
 Stab: Sleeping          |     2 |     2 |       |       |       ||     4
       Paralysed         |       |       |     1 |       |       ||     1
  Eat: Chunk             |     1 |     6 |    12 |    26 |     6 ||    51
       Ration            |       |     1 |     1 |     2 |     1 ||     5
Armor: Robe              |    20 |    10 |     4 |    13 |     8 ||    55
Dodge: Dodged            |    25 |    53 |    39 |   113 |    75 ||   305

Table legend:
 A = Non-vault XP
 B = Vault XP
 C = Vault XP percentage of total XP
 D = Non-vault monster count
 E = Vault monster count
 F = Vault count percentage of total count
                 A         B        C        D         E       F
            +---------+---------+-------+---------+---------+-------
      Total |   39477 |   22455 |  36.3 |     351 |      98 |  21.8
            +---------+---------+-------+---------+---------+-------
        D:1 |      26 |       0 |   0.0 |      18 |       0 |   0.0
        D:2 |      40 |       0 |   0.0 |      17 |       0 |   0.0
        D:3 |     107 |       0 |   0.0 |      22 |       0 |   0.0
        D:4 |     104 |     273 |  72.4 |       8 |       4 |  33.3
        D:5 |     791 |     735 |  48.2 |      26 |       3 |  10.3
        D:6 |     484 |       0 |   0.0 |      13 |       0 |   0.0
        D:7 |    1339 |       0 |   0.0 |      31 |       0 |   0.0
        D:8 |    1566 |    5457 |  77.7 |      35 |      24 |  40.7
        D:9 |    1225 |       0 |   0.0 |      24 |       0 |   0.0
       D:10 |    1862 |       0 |   0.0 |      11 |       0 |   0.0
       D:11 |    5476 |       0 |   0.0 |      37 |       0 |   0.0
       D:12 |    2961 |    2011 |  40.4 |      31 |       8 |  20.5
       D:13 |    6931 |     871 |  11.2 |      31 |       4 |  11.4
       D:14 |    4764 |    7967 |  62.6 |      12 |      25 |  67.6
       D:15 |    9587 |    5141 |  34.9 |      30 |      30 |  50.0
   Depths:1 |    2214 |       0 |   0.0 |       5 |       0 |   0.0
            +---------+---------+-------+---------+---------+-------
